Map: Odyssey LE

Players

Yata

  • Race: Zerg Zerg
  • League: Gold
  • Spawn Location: 11:00

Knives - Winner!

  • Race: Protoss Protoss
  • League: Gold
  • Spawn Location: 5:00

VOD

Have the link to the VOD?

Description

Time

  • Played on: Sept. 5, 2017, 11:18 p.m.
  • Length: 14:04
Show
View Real Time Build Order
Export as new Build Order

Yata Zerg 

Build Orders: Hatch First, Lurkers 

Get SALT Encoding   

  12  0:03  Drone  
  13  0:14  Overlord  
  13  0:17  Drone  
  14  0:32  Drone x2  
  16  0:36  Drone  
  17  0:55  Drone  
  17  0:56  Hatchery  
  17  0:59  Drone  
  18  1:10  Extractor  
  17  1:15  Spawning Pool  
  17  1:17  Drone  
  17  1:21  Drone  
  18  1:31  Drone  
  19  1:41  Overlord  
  19  1:54  Drone  
  20  2:09  Zergling x2  
  20  2:10  Zergling x2, Queen  
  20  2:12  Queen  
  26  2:19  Drone x2  
  28  2:24  Metabolic Boost  
  28  2:37  Drone x2  
  28  2:38  Drone  
  31  2:46  Queen  
  31  2:47  Drone x2  
  35  2:57  Drone  
  36  3:01  Extractor  
  36  3:03  Lair  
  35  3:08  Drone  
  36  3:20  Overlord x2  
  36  3:29  Pneumatized Carapace  
  36  3:38  Drone x3  
  36  3:39  Drone x4  
  36  3:40  Overlord  
  42  3:53  Drone x6  
  47  4:18  Evolution Chamber  
  47  4:20  Evolution Chamber  
  47  4:22  Baneling Nest  
  44  4:28  Hydralisk Den  
  43  4:41  Hatchery  
  42  4:47  Zerg Missile Weapons Level 1  
  42  4:48  Zerg Ground Armor Level 1  
  42  4:52  Zergling x10  
  47  4:53  Zergling x6  
  50  5:05  Queen  
  52  5:25  Centrifical Hooks  
  52  5:32  Extractor  
  52  5:34  Extractor  
  50  5:49  Hydralisk  
  50  5:50  Hydralisk x3  
  58  6:06  Drone x7  
  58  6:07  Overlord x3  
  65  6:12  Overseer  
  65  6:28  Muscular Augments  
  65  6:30  Zergling x6  
  65  6:31  Zergling x10  
  73  6:41  Spore Crawler  
  73  6:43  Spore Crawler  
  71  7:03  Drone x3  
  71  7:04  Drone x7  
  71  7:05  Drone x2  
  83  7:13  Overlord x4  
  83  7:17  Hydralisk x3  
  83  7:22  Baneling x3  
  89  7:23  Baneling x3  
  89  7:37  Extractor  
  89  7:38  Extractor  
  89  7:39  Hydralisk  
  89  7:40  Hydralisk x2  
  93  8:06  Zerg Missile Weapons Level 2  
  93  8:16  Hatchery  
  86  8:22  Hydralisk  
  86  8:23  Hydralisk x5  
  84  8:28  Zergling x4  
  84  8:29  Zergling x20  
  96  8:36  Queen  
  96  8:37  Queen x2  
  102  8:51  Hydralisk x7  
  102  8:54  Overlord x2  
  97  9:11  Zergling x2  
  97  9:12  Zergling x20  
  95  9:32  Queen  
  97  9:50  Hydralisk x9  
  97  9:51  Hydralisk x4  
  123  9:54  Zerg Ground Armor Level 2  
  123  10:01  Infestation Pit, Queen  
  123  10:02  Queen  
  126  10:13  Lurker Den  
  126  10:16  Zergling x2  
  126  10:17  Zergling x12  
  126  10:20  Baneling x3  
  133  10:43  Hive  
  133  10:54  Zergling x6  
  133  10:55  Zergling x16  
  140  11:05  Zergling x12  
  106  11:29  Zerg Melee Weapons Level 1  
  106  11:42  Hydralisk x4  
  106  11:43  Hydralisk x7  
  106  11:46  Lurker  
  106  11:47  Lurker  
  130  11:48  Lurker  
  130  11:50  Lurker  
  132  11:54  Drone  
  132  11:55  Drone  
  94  12:11  Hydralisk x4  
  102  12:25  Hydralisk x3  
  108  12:30  Drone  
  108  12:31  Drone  
  110  12:54  Drone  
  110  12:55  Drone x9  
  120  13:13  Hydralisk x3  
  120  13:17  Lurker x3  
  129  13:22  Overseer  
  129  13:23  Overseer  
Show
View Real Time Build Order
Export as new Build Order

Knives Protoss - Winner!

Build Orders:  

Get SALT Encoding   

  12  0:01  Probe (Chrono Boost)  
  13  0:12  Probe (Chrono Boost)  
  14  0:19  Pylon  
  14  0:22  Probe (Chrono Boost)  
  15  0:38  Probe (Chrono Boost)  
  16  0:42  Gateway  
  16  0:48  Probe (Chrono Boost)  
  17  0:51  Assimilator  
  17  0:59  Probe (Chrono Boost)  
  17  1:02  Pylon  
  18  1:12  Probe (Chrono Boost)  
  19  1:23  Probe (Chrono Boost)  
  20  1:30  Cybernetics Core  
  20  1:46  Nexus  
  20  1:48  Probe (Chrono Boost)  
  21  1:59  Probe (Chrono Boost)  
  22  2:03  Pylon  
  22  2:07  Warp Gate (Chrono Boost)  
  22  2:09  Probe  
  22  2:11  Adept  
  25  2:20  Assimilator  
  25  2:21  Probe  
  26  2:33  Probe  
  26  2:37  Gateway  
  26  2:45  Pylon, Probe  
  27  2:52  Forge  
  27  2:57  Probe x2  
  29  3:10  Probe  
  30  3:13  Probe  
  31  3:22  Mothership Core  
  31  3:26  Photon Cannon  
  33  3:30  Protoss Ground Weapons Level 1 (Chrono Boost)  
  33  3:34  Pylon  
  33  3:37  Probe  
  34  4:07  Probe  
  35  4:13  Probe  
  35  4:16  Adept x2  
  40  4:19  Probe  
  40  4:23  Probe  
  41  4:25  Robotics Facility  
  42  4:35  Pylon  
  42  4:38  Probe  
  42  4:39  Gateway  
  42  4:40  Probe  
  42  4:41  Gateway  
  42  4:44  Gateway  
  44  4:46  Assimilator  
  44  4:48  Adept  
  44  4:49  Assimilator  
  46  4:57  Stalker  
  46  4:58  Probe x2  
  50  5:10  Probe  
  50  5:11  Sentry, Probe  
  54  5:18  Protoss Ground Armor Level 1 (Chrono Boost)  
  54  5:22  Observer (Chrono Boost)  
  54  5:25  Probe  
  56  5:29  Probe  
  56  5:35  Pylon  
  57  5:38  Pylon, Probe  
  58  5:44  Sentry x2  
  58  5:49  Zealot x2  
  66  5:50  Zealot  
  68  5:57  Twilight Council  
  68  5:58  Photon Cannon  
  68  6:00  Probe  
  68  6:01  Probe  
  70  6:11  Robotics Bay  
  70  6:12  Immortal (Chrono Boost), Probe  
  70  6:16  Zealot x2  
  79  6:19  Zealot  
  79  6:20  Zealot  
  79  6:22  Sentry  
  85  6:30  Probe x2  
  87  6:38  Charge (Chrono Boost)  
  87  6:42  Probe  
  88  6:49  Probe  
  89  6:56  Zealot x2  
  93  7:15  Pylon  
  93  7:19  Pylon  
  93  7:21  Pylon  
  93  7:34  Pylon  
  93  7:36  Pylon  
  93  7:38  Pylon  
  93  7:41  Sentry, Nexus  
  93  7:42  Sentry x4  
  103  8:05  Zealot x2  
  105  8:06  Zealot x3  
  105  8:08  Probe  
  84  8:27  Stalker  
  84  8:28  Stalker x3  
  84  8:30  Zealot  
  94  8:35  Probe x2  
  96  8:42  Gateway  
  96  8:44  Gateway  
  96  8:46  Gateway  
  96  8:47  Probe x2  
  98  8:50  Gateway  
  98  8:59  Probe x2  
  90  9:13  Zealot  
  90  9:14  Zealot x4  
  78  9:25  Protoss Ground Weapons Level 2 (Chrono Boost)  
  76  9:33  Probe  
  76  9:34  Probe x2  
  79  9:38  Zealot  
  79  9:39  Zealot x2  
  79  9:40  Zealot x2  
  79  9:43  Probe  
  79  9:44  Colossus  
  90  9:46  Probe x2  
  90  9:50  Extended Thermal Lance  
  98  9:58  Zealot x3  
  98  9:59  Zealot x2  
  108  10:00  Zealot x2  
  108  10:02  Zealot  
  114  10:12  Probe  
  114  10:13  Probe x2  
  117  10:18  Zealot  
  119  10:30  Colossus  
  119  10:31  Probe  
  119  10:32  Pylon, Zealot  
  119  10:33  Zealot x5  
  119  10:34  Zealot x2  
  137  10:41  Probe  
  141  10:43  Probe  
  141  10:48  Probe  
  144  10:50  Stalker  
  144  10:52  Probe  
  144  10:54  Zealot x3  
  144  10:55  Zealot x2  
  157  11:05  Probe x2  
  157  11:06  Templar Archives  
  143  11:18  Zealot x2  
  143  11:19  Zealot x3  
  143  11:20  Zealot x2  
  157  11:33  Pylon  
  157  11:40  Pylon  
  157  11:46  Pylon  
  157  11:50  Probe  
  157  11:51  Probe x2  
  160  11:55  Pylon  
  134  12:15  Observer, Probe  
  128  12:16  Probe  
  131  12:24  Stalker x2  
  131  12:25  Stalker x4  
  131  12:26  Stalker x3  
  149  12:34  Observer  
  150  12:40  Nexus  
  150  12:44  Photon Cannon  
  150  12:45  Photon Cannon  
  150  12:46  Photon Cannon  
  150  12:48  High Templar x2  
  150  12:49  High Templar x2  
  150  12:50  High Templar  
  160  12:51  High Templar  
  160  12:52  High Templar x2, Observer  
  160  12:55  Archon  
  160  12:56  Archon x2  
  160  12:57  Archon  
  167  13:11  Probe  
  167  13:12  Probe x2  
  169  13:18  Pylon  
  146  13:48  Sentry x2  
  146  13:49  Sentry  
  146  13:50  Zealot x3  
  146  13:51  Zealot x3  
Tags
 
Composition
Lurkers
League
GoldGold
Matchup
PvZ
Replay Pack
Pack 1
Spawn Locations
Cross Positions
Add a new tag
Caveats
  • Supply blocks, unpowered buildings, or Contaminate may cause inaccurate times.
  • Supply counts are checked every 10 seconds.